 Dungeon Crawl Stone Soup version 0.31-a0-596-g831eee08f1 (webtiles) character file.

Game seed: 1198575069818080632

2697 ptdnxyz the Thaumaturge (level 9, -5/72 HPs)
             Began as a Mummy Necromancer on Aug 20, 2023.
             Was an Initiate of Yredelemnul.
             Killed by divine providence
             ... invoked by Jeremiah
              (15 damage)
             ... on level 6 of the Dungeon.
             The game lasted 00:18:45 (6567 turns).

ptdnxyz the Thaumaturge (Mummy Necromancer)         Turns: 6567, Time: 00:18:46

Health: -5/72      AC:  6    Str: 12    XL:     9   Next: 38%
Magic:  19/27      EV: 12    Int: 18    God:    Yredelemnul [......]
Gold:   289        SH:  0    Dex: 12    Spells: 16/26 levels left

rFire   x . .        s - +6 shillelagh "Devastator" {shatter}
rCold   + . .        (no shield)
rNeg    + + +        a - +0 robe
rPois   ∞            (no helmet)
rElec   .            (no cloak)
rCorr   .            (no gloves)
SInv    .            (no boots)
Will    +....        l
                       - Hermit's Pendant {Faith Invo=14 Evo=0 MP+5}
Stlth   ++           j - +4 ring of protection
HPRegen 0.32/turn    (no ring)
MPRegen 0.20/turn

%: faith
@: no status effects
A: cold resistance 1, negative energy resistance 3, torment resistance 2, heat
vulnerability 1, in touch with death 1, no potions, faith
a: Renounce Religion, Recall Undead Harvest


You were on level 6 of the Dungeon.
You worshipped Yredelemnul.
Yredelemnul was noncommittal.
You visited 1 branch of the dungeon, and saw 6 of its levels.
You also visited: Sewer.

You collected 289 gold pieces.

Inventory:

Hand Weapons
 b - a +0 dagger
 o - a +0 dagger of electrocution
 s - the +6 shillelagh "Devastator" (weapon) {shatter}
   (You found it on level 5 of the Dungeon)
Armour
 a - a +0 robe (worn)
 g - the +1 scale mail of Burning Leaves {Regen+ Str+2 Dex+3}
   (You found it in a sewer)

   Str+2:     It affects your strength (+2).
   Dex+3:     It affects your dexterity (+3).
   Regen+:    It increases your rate of health regeneration.
Magical Staves
 n - a staff of fire
 r - a staff of conjuration
Jewellery
 i - an amulet of guardian spirit
 j - a +4 ring of protection (left hand)
 k - an amulet of regeneration
 l - the Hermit's Pendant (around neck) {Faith Invo=14 Evo=0 MP+5}
   (You found it on level 2 of the Dungeon)

   [amulet of faith]

   Invo=14: It sets your Invocations skill to 14.
   Evo=0: It sets your Evocations skill to 0.
   Faith:     It allows you to gain divine favour quickly.
   MP+5:      It affects your magic capacity (+5).
Scrolls
 c - a scroll of enchant armour
 d - 4 scrolls of fog
 e - a scroll of teleportation
 f - a scroll of acquirement
 h - a scroll of enchant weapon
 m - a scroll of silence
 p - 2 scrolls of fear
 q - 2 scrolls of noise


   Skills:
 + Level 7.4 Fighting
 - Level 1.5 Dodging
 - Level 1.5 Stealth
 + Level 9.3 Spellcasting
 + Level 8.5 Necromancy


You had 16 spell levels left.
You knew the following spells:

 Your Spells              Type           Power      Damage    Failure   Level
a - Necrotise             Necr           100%       1d9       1%          1
b - Vampiric Draining     Necr           55%        2d9       1%          3
c - Blink                 Tloc           16%        N/A       13%         2
d - Dispel Undead         Necr           55%        3d20      2%          4

Your spell library contained the following spells:

 Spells                   Type           Power      Damage    Failure   Level
 Kiss of Death            Conj/Necr      100%       2d13      1%          1
 Agony                    Necr           55%        N/A       8%          5
 Foxfire                  Conj/Fire      32%        2x1d5     9%          1
 Lesser Beckoning         Tloc           16%        N/A       13%         2
 Momentum Strike          Conj/Tloc      16%        3d8       13%         2
 Static Discharge         Conj/Air       16%        2-3/arc   13%         2
 Anguish                  Hex/Necr       17%        N/A       16%         4
 Portal Projectile        Hex/Tloc       16%        N/A       26%         3
 Airstrike                Air            4%         2d(1-17)  65%         4
 Summon Lightning Spire   Summ/Air       8%         N/A       65%         4
 Plasma Beam              Fire/Air       4%         2x1d14    100%        6
 Starburst                Conj/Fire      4%         6d3       100%        6
 Animate Dead             Necr           Unusable   N/A       N/A         4

Dungeon Overview and Level Annotations

Branches:
Dungeon (6/15)             Temple (0/1) D:6           Sewer (visited)

Altars:
Cheibriados
Fedhas
Vehumet
Yredelemnul

Annotations:
D:2 1 runed translucent door, Crazy Yiuf
D:6 Jeremiah


Innate Abilities, Weirdness & Mutations

You are immune to poison.
Your flesh is cold resistant. (rC+)
You are immune to negative energy. (rN+++)
You are immune to unholy pain and torment.
You are vulnerable to heat. (rF-)
You are in touch with the powers of death.
You do not drink.
You have a special connection with the divine. (Faith)


Message History

The butterfly disappears in a burst of colours!
Jeremiah shouts, "O dreadful one, destroy my foe!"
Your black bear zombie is smitten.
Jeremiah hits your black bear zombie with a +3 trident of draining.
Jeremiah hits your black bear zombie with a +3 trident of draining!
Your black bear zombie bites Jeremiah.
Your black bear zombie closely misses Jeremiah.
Your black bear zombie claws Jeremiah.
Jeremiah hits your black bear zombie with a +3 trident of draining!
Your black bear zombie closely misses Jeremiah. x2
Your black bear zombie claws Jeremiah.
Jeremiah hits your black bear zombie with a +3 trident of draining!
Your black bear zombie is destroyed!
Jeremiah shouts!
Jeremiah hops!
Jeremiah hits you with a +3 trident of draining!
* * * LOW HITPOINT WARNING * * *
Unknown command.
Casting: Necrotise (safe; 1% risk of failure)
Confirm with . or Enter, or press ? or * to list all spells.
Aiming: Vampiric Draining (safe; 1% risk of failure)
Press: ? - help, Shift-Dir - straight line, f/p - Jeremiah
Aim: Jeremiah, wielding a +3 trident of draining, wearing a +1 robe and wearing an orb of mayhem (severely wounded)
You feel a surge of power!
You draw life force from Jeremiah!
You feel life coursing into your body.
The butterfly disappears in a burst of colours!
Jeremiah hops!
Casting: Vampiric Draining (safe; 1% risk of failure)
Confirm with . or Enter, or press ? or * to list all spells.
You can't see any susceptible monsters within range! (Use Z to cast anyway.)
You sock the butterfly!
The butterfly shudders.
You kill the butterfly!
The butterfly disappears in a burst of colours!
You kill the butterfly!
The butterfly disappears in a burst of colours!
Jeremiah throws their arms up pleadingly.
Something smites you!
You die...
Jeremiah asks, "What happened?
Did... did you die?"
You join the legions of the undead harvest.

#.#####.# #.#
#.########### #.#
#....<....... #.#
############.
####.######## #.
#...........# ###.
##.##.######.# #...
#..........#.# #.##
....!###@###.#.# #.# ###.
#.# #.#.# #<# # #.# #.#.#
#.# # #b# #.#.# #.#
###.####b###.#.# #.#
.......bF##.b..## #.#
.......bb..>....# ##.##
###.####.#..bb..#####)...
# #.#○#b#.........##


You could see Jeremiah.

Vanquished Creatures
  Pikel (D:4)
  Grinder (D:4)
  A water moccasin (D:5)
  Duvessa (D:5)
  A black bear (D:6)
  An orc warrior (D:6)
  3 ogres (D:5)
  3 bullfrogs
  4 scorpions
  Dowan (D:5)
  A hound (D:4)
  4 orc priests
  Jessica (D:2)
  2 iguanas
  3 orc wizards
  7 adders
  A river rat (D:6)
  2 shadow imps
  2 dart slugs
  6 orcs
  9 ball pythons
  6 endoplasms
  8 giant cockroaches
  3 hobgoblins
  8 jackals (D:2)
  4 kobolds
  7 quokkas
  7 bats
  10 frilled lizards
  4 goblins
  3 rats
115 creatures vanquished.

Vanquished Creatures (collateral kills)
  Sigmund (D:3)
  Menkaure (D:4)
  A phantom (D:5)
  A scorpion (D:3)
  A gnoll bouda (D:5)
  An orc (D:5)
  A bat (D:2)
  An endoplasm (D:1)
  A giant cockroach (D:3)
  3 frilled lizards (Sewer)
12 creatures vanquished.

Vanquished Creatures (others)
  A black bear zombie (D:6)
  2 scorpion zombies
  An ogre zombie (D:5)
  An adder zombie (D:6)
  A gnoll zombie (D:5)
  4 bat zombies
  A ball python zombie (Sewer)
  An endoplasm zombie (D:4)
  A hobgoblin zombie (D:4)
  2 orc zombies (D:5)
  A quokka zombie (D:5)
16 creatures vanquished.

Grand Total: 143 creatures vanquished

Notes
Turn   | Place    | Note
-------+----------+-------------------------------------------
     0 | D:1      | ptdnxyz the Mummy Necromancer began the quest for the Orb.
     0 | D:1      | Reached XP level 1. HP: 13/13 MP: 4/4
   324 | D:1      | Reached skill level 3 in Spellcasting
   358 | D:1      | Reached XP level 2. HP: 20/20 MP: 3/6
   691 | D:1      | Reached skill level 1 in Fighting
   831 | D:1      | Found a faded altar of an unknown god.
   872 | D:1      | Prayed at the altar of an unknown god.
   872 | D:1      | Became a worshipper of Yredelemnul the Dark
   872 | D:1      | Reached * piety under Yredelemnul
  1351 | D:2      | Found a runed translucent door.
  1352 | D:2      | Noticed Crazy Yiuf
  1685 | D:2      | Gained mutation: You are in touch with the powers of death.
                  | [Mummy growth]
  1685 | D:2      | Reached XP level 3. HP: 26/26 MP: 4/7
  1689 | D:2      | Reached ** piety under Yredelemnul
  1937 | D:2      | Noticed Jessica
  1942 | D:2      | Killed Jessica
  1943 | D:2      | Reached XP level 4. HP: 26/33 MP: 9/9
  2212 | D:2      | Found the Hermit's Pendant {Faith Invo=14 Evo=0 MP+5}
  2218 | D:2      | Reached *** piety under Yredelemnul
  2714 | D:3      | Noticed a scorpion
  2721 | D:3      | Killed a scorpion
  2722 | D:3      | Reached skill level 4 in Spellcasting
  2722 | D:3      | Reached XP level 5. HP: 39/39 MP: 12/14
  3055 | D:3      | Identified the +0 ring mail "Iloic" {-Tele rElec rPois
                  | Dex-4}
  3122 | D:3      | Noticed Sigmund
  3131 | D:3      | Killed Sigmund
  3132 | D:3      | Reached skill level 5 in Spellcasting
  3132 | D:3      | Reached skill level 5 in Necromancy
  3132 | D:3      | Reached XP level 6. HP: 36/47 MP: 15/16
  3295 | D:3      | Learned a level 3 spell: Vampiric Draining
  3517 | D:4      | Identified 2 scrolls of acquirement
  3581 | D:4      | Found a sand-covered staircase.
  3728 | D:4      | Reached XP level 7. HP: 54/54 MP: 17/17
  3837 | D:4      | Noticed Grinder
  3863 | D:4      | Killed Grinder
  3864 | D:4      | Reached skill level 6 in Spellcasting
  3931 | D:4      | Noticed Pikel
  3953 | D:4      | Killed Pikel
  3954 | D:4      | Reached skill level 5 in Fighting
  3954 | D:4      | Reached skill level 7 in Spellcasting
  3954 | D:4      | Reached XP level 8. HP: 27/63 MP: 12/18
  4106 | D:4      | Learned a level 2 spell: Blink
  4165 | D:4      | Found a snail-covered altar of Cheibriados.
  4367 | D:4      | Noticed Menkaure
  4382 | D:4      | Killed Menkaure
  4649 | D:5      | Entered Level 5 of the Dungeon
  4656 | D:5      | Acquired an amulet of regeneration
  4686 | D:5      | Found a radiant altar of Vehumet.
  4696 | D:5      | Noticed Duvessa
  4697 | D:5      | Noticed Dowan
  4806 | D:5      | Killed Dowan
  4952 | D:5      | Reached skill level 8 in Spellcasting
  5189 | D:5      | Found a blossoming altar of Fedhas.
  5284 | D:5      | Found the +6 shillelagh "Devastator" {shatter}
  5296 | D:5      | Reached XP level 9. HP: 39/71 MP: 18/21
  5481 | D:5      | Killed Duvessa
  5785 | D:6      | Acquired Rethrivoe's Guide on Debased Rituals and the Jaunt
  5792 | D:6      | Learned a level 4 spell: Dispel Undead
  5840 | D:6      | Noticed Jeremiah
  5919 | D:6      | Found a staircase to the Ecumenical Temple.
  5946 | D:6      | Reached skill level 9 in Spellcasting
  6069 | D:6      | Found a glowing drain.
  6079 | Sewer    | Entered a sewer
  6375 | Sewer    | Reached **** piety under Yredelemnul
  6456 | Sewer    | Identified the +1 scale mail of Burning Leaves {Regen+
                  | Str+2 Dex+3}
  6567 | D:6      | Killed from afar by Jeremiah

Illustrated notes

Levels and vault maps discovered:
D:1:      amcnicky_arrival_single_pillar, layout_loops_corners,
          dreamdust_ecumenical_altar_angels_and_demons
D:2:      minmay_inner_zag, layout_loops_corners, uniq_crazy_yiuf_cottage,
          uniq_jessica
D:3:      minmay_spotlight, layout_basic, uniq_sigmund
D:4:      layout_basic, cheibriados_altar_1, enter_ossuary_5, uniq_pikel,
          uniq_grinder, uniq_menkaure
D:5:      layout_cave_pools, nicolae_overflow_two_pavilions,
          nicolae_overflow_crystal_walls, st_stairs_1,
          dilly_guarded_unrand_devastator, uniq_duvessa
D:6:      layout_loops_ring, lemuel_coloured_pillars_altar,
          minmay_temple_entry_offerings, cheibrodos_sewer_entry_sluice,
          kennysheep_generic_room_8, uniq_jeremiah, uniq_blork_the_orc

Skill      XL: |  1  2  3  4  5  6  7  8  9 |
---------------+----------------------------+-----
Spellcasting   | 3 4 5 7 8 9 |  9.3
Fighting       | 1 2 3 4 5 6 7 |  7.4
Necromancy     | 5 6 7 8 |  8.5
Dodging        | |  1.5
Stealth        | |  1.5

Action                     |  1- 3 |  4- 6 |  7- 9 || total
---------------------------+-------+-------+-------++-------
  Melee: Dagger            |    11 |       |    29 ||    40
         Shillelagh        |       |       |    18 ||    18
   Cast: Necrotise         |    55 |    62 |   133 ||   250
         Vampiric Draining |       |       |    20 ||    20
 Invoke: Recall Undead Har |       |     1 |     1 ||     2
    Use: Scroll            |       |     7 |     5 ||    12
   Stab: Sleeping          |       |       |     1 ||     1
 Armour: Robe              |     2 |     4 |    22 ||    28
  Dodge: Dodged            |    15 |    20 |    70 ||   105

Table legend: (Time is in decaauts)
 A = Elapsed time spent in this place.
 B = Non-inter-level travel time spent in this place.
 C = Inter-level travel time spent in this place.
 D = Time resting spent in this place.
 E = Time spent auto-exploring this place.
 F = Levels seen in this place.
 G = Mean time per level.
                   A        B        C        D        E       F      G
               +--------+--------+--------+--------+--------+-----+--------+
         Total |   6613 |   6382 |    231 |     94 |   5200 |   7 |  944.7 |
       Dungeon |   6187 |   5956 |    231 |     94 |   4912 |   6 | 1031.2 |
         Sewer |    426 |    426 |      0 |      0 |    288 |   1 |  426.0 |
               +--------+--------+--------+--------+--------+-----+--------+

Top non-repeatable levels by time:
     D:2: 1418 daAuts
     D:4: 1185 daAuts
     D:1: 1182 daAuts
     D:5: 1047 daAuts
     D:3: 947 daAuts
   Sewer: 426 daAuts
     D:6: 405 daAuts
